 Dungeon Crawl Stone Soup version bcrawl-1.12.2 (webtiles) character file.

Game seed: 11922681796909315249

327 Ebbett the Conjurer (level 6, -14/36 HPs)
             Began as a Fairy Conjurer on July 23, 2019.
             Engulfed by a cloud of flame (22 damage)
             ... on level 4 of the Dungeon.
             The game lasted 00:05:01 (2295 turns).

Ebbett the Conjurer (Fairy Conjurer)                Turns: 2295, Time: 00:05:02

Health: -14/36     AC:  9    Str:  6    XL:     6   Next: 50%
Magic:  13/15      EV: 18    Int: 23    God:
Gold:   153        SH:  5    Dex: 13    Spells: 13/14 levels left

rFire    . . .     SeeInvis .   s - +2 hunting sling (freeze)
rCold    . . .     Gourm    .   (shield restricted)
rNeg     . . .     Faith    .   (armour unavailable)
rPois    .         Spirit   .   j - +2 helmet {Int+3}
rElec    .         Reflect  .   f - +0 cloak
rCorr    .         Harm     .   (no gloves)
MR       .....                  (no boots)
Stlth    +.........             (no amulet)
HPRegen  0.12/turn              (no ring)
MPRegen  0.14/turn              (no ring)

@: flying evasively
A: small, magic attunement, unstealthy, unfitting armour, able to fly, AC/SH +5
a: Stop Flying


You were on level 4 of the Dungeon.
You were hungry.

You visited 1 branch of the dungeon, and saw 4 of its levels.

You collected 153 gold pieces.

Inventory:

Hand Weapons
 s - a +2 hunting sling of freezing (weapon)
Missiles
 r - a throwing net (quivered) {!f}
Armour
 f - a +0 cloak (worn)
 j - a +2 helmet of intelligence (worn)
Scrolls
 d - a scroll of noise
 e - 3 scrolls of teleportation
 g - 7 scrolls of identify {unknown}
 l - 3 scrolls of enchant armour {unknown}
 o - a scroll of remove curse {unknown}
Potions
 a - a potion of haste {unknown}
 c - a potion of heal wounds {unknown}
 h - a potion of invisibility {unknown}
 k - 2 potions of curing {unknown}
 m - a potion of berserk rage {unknown}
 n - a potion of agility {unknown}
 p - a potion of mutation {unknown}
 q - a potion of might {unknown}
 t - a potion of cancellation {unknown}
Comestibles
 b - 7 rations {!d}


   Skills:
 + Level 0.2 Fighting
 + Level 4.2 Dodging
 + Level 2.1 Stealth
 + Level 4.8 Spellcasting
 + Level 7.2 Conjurations


You had 13 spell levels left.
You knew the following spells:

 Your Spells              Type           Power        Failure   Level  Hunger
a - Magic Dart            Conj           ####         1%          1    None

Your spell library contained the following spells:

 Spells                   Type           Power        Failure   Level  Hunger
 Searing Ray              Conj           #####.       1%          2    None
 Iskenderun's Mystic Bla  Conj           #####...     1%          3    None
 Fulminant Prism          Conj/Hex       ###.......   22%         4    None
 Irradiate                Conj/Tmut      ###.......   52%         5    None


Dungeon Overview and Level Annotations

Branches:
Dungeon (4/12)
 Temple: D:4-7

Altars:
Elyvilon
Nemelex Xobeh
Ru
Zin
The Shining One

Annotations:
D:4 Dowan, Duvessa


Innate Abilities, Weirdness & Mutations

Your spells do not cause hunger and MP costs are reduced by 1.
Your bright wings attract enemies. (Stealth-)
You cannot fit into any form of body armour.
Your shimmering scales are hard and can block incoming attacks. (AC +5, SH +5)
You are small and have problems with some larger weapons.
You can fly continuously.


Message History

You hear a shout! x2; You hear an angry hiss.
Casting: Magic Dart (safe; 1% risk of failure)
Confirm with . or Enter, or press ? or * to list all spells.
Aiming: Magic Dart (safe; 1% risk of failure)
Press: ? - help, Shift-Dir - straight line, f/p - Edmund
Aim: Edmund, wielding a +2 flail of crushing and wearing a +0 chain mail (almost dead, inner flame)
The magic dart hits Edmund.
Edmund explodes!
The fiery explosion engulfs you!
Ouch! That really hurt!
* * * LOW HITPOINT WARNING * * *
Your Dodging skill increases to level 4!
You have reached level 6!
Your experience leads to an increase in your attributes!
Your base attributes are Str 6, Int 19, Dex 13.
Increase (S)trength, (I)ntelligence, or (D)exterity?
You feel clever.
Your scales feel stronger.
You are engulfed in blazing flames.
Ouch! That really hurt!
You die...

...............
...............
...............
...............
.....%.........
.........w.....#
..%.....$......##
.......@§§.%....#
.....h(§§§......#
.......§.§......#
.......a........#
...............#
..<.....%......#
...............#
...............#
...........#


You could see a worm, a howler monkey and a worker ant.

Vanquished Creatures
  Edmund (D:4)
  A bullfrog zombie (D:3)
  An orc wizard (D:3)
  A worker ant (D:2)
  Robin (D:3)
  4 adders
  4 worms
  2 leopard geckos
  5 orcs (D:3)
  2 bats (D:2)
  2 giant cockroaches
  13 goblins
  7 hobgoblins
  3 jackals (D:2)
  9 kobolds
  2 quokkas (D:3)
  3 frilled lizards (D:2)
  2 rats
63 creatures vanquished.

Notes
Turn   | Place    | Note
-------+----------+-------------------------------------------
     0 | D:1      | Ebbett the Fairy Conjurer began the quest for the Orb.
     0 | D:1      | Reached XP level 1. HP: 11/11 MP: 6/6
    78 | D:1      | Reached skill level 5 in Conjurations
   338 | D:1      | Reached XP level 2. HP: 17/17 MP: 7/7
   869 | D:2      | Reached XP level 3. HP: 21/21 MP: 9/9
   882 | D:2      | Reached skill level 6 in Conjurations
  1081 | D:2      | Reached XP level 4. HP: 26/27 MP: 10/10
  1593 | D:2      | Found a glowing silver altar of Zin.
  1594 | D:2      | Found a white marble altar of Elyvilon.
  1594 | D:2      | Found a glowing golden altar of the Shining One.
  1758 | D:3      | Reached XP level 5. HP: 30/31 MP: 12/12
  1867 | D:3      | Noticed Robin
  1871 | D:3      | Reached skill level 7 in Conjurations
  1878 | D:3      | Killed Robin
  2029 | D:3      | Found a sparkling altar of Nemelex Xobeh.
  2076 | D:3      | Found a sacrificial altar of Ru.
  2254 | D:4      | Noticed Duvessa
  2254 | D:4      | Noticed Dowan
  2261 | D:4      | Noticed Edmund
  2295 | D:4      | Killed Edmund
  2295 | D:4      | Reached XP level 6. HP: 8/36 MP: 13/15
  2295 | D:4      | Engulfed by a cloud of flame

Skill      XL: |  1  2  3  4  5 |
---------------+----------------+-----
Conjurations   | 5 6 7 |  7.2
Spellcasting   | 3 4 |  4.8
Dodging        | 3 4 |  4.2
Stealth        | 2 |  2.1
Fighting       | |  0.2

Action                   |  1- 3 |  4- 6 || total
-------------------------+-------+-------++-------
Melee: Unarmed           |     1 |     1 ||     2
 Cast: Magic Dart        |    54 |   131 ||   185
  Use: Scroll            |       |     3 ||     3
  Eat: Chunk             |       |     3 ||     3
Armor: Skin              |     3 |    18 ||    21
Dodge: Dodged            |     6 |    31 ||    37
Block: Other             |     2 |     7 ||     9
